 Dungeon Crawl Stone Soup version 0.31.0-9-g3a7656b989 (webtiles) character file.

Game seed: 13254661087796272316

8547 qw the Skirmisher (level 11, -5/55 HPs)
             Began as a Spriggan Hunter on Feb 2, 2024.
             Was an Elder of Okawaru.
             Slain by a four-headed hydra (10 damage)
             ... on level 2 of the Lair of Beasts.
             The game lasted 00:00:37 (6702 turns).

qw the Skirmisher (Spriggan Hunter)                 Turns: 6702, Time: 00:00:37

Health: -5/55      AC:  4    Str:  7    XL:     11   Next: 11%
Magic:  11/15      EV: 29    Int: 12    God:    Okawaru [****..]
Gold:   1138       SH:  0    Dex: 22    Spells: 10/10 levels left

rFire   + . .        k - +4 arbalest (freeze)
rCold   + . .        (shield currently unavailable)
rNeg    . . .        j - +2 robe "Giroits" {Slay+2}
rPois   .            (helmet restricted)
rElec   .            p - scarf {rC+ rF+}
rCorr   .            (gloves unavailable)
SInv    +            (boots unavailable)
Will    +....        (no amulet)
Stlth   ++           (no ring)
HPRegen 0.29/turn    (no ring)
MPRegen 0.14/turn

%: no passive effects
@: about to teleport, finesse-ful, very quick
A: very small, no large weapons, unfitting armour, see invisible, speed 3
a: Renounce Religion, Heroism, Finesse


You were on level 2 of the Lair of Beasts.
You worshipped Okawaru.
Okawaru was greatly pleased with you.
You visited 3 branches of the dungeon, and saw 11 of its levels.

You collected 1138 gold pieces.


Innate Abilities, Weirdness & Mutations

You are very small and have problems with some larger weapons.
You are too small for most types of armour.
You have supernaturally acute eyesight. (SInv)
You cover ground extremely quickly. (Speed+++)


   Skills:
 - Level 5.0 Fighting
 - Level 14.3 Ranged Weapons
 + Level 12.6 Dodging
 - Level 1.5 Stealth
 + Level 4.8 Invocations


You had 10 spell levels left.
You didn't know any spells.
Your spell library was empty.

Inventory:

Hand Weapons
 k - a +4 arbalest of freezing (weapon)
Armour
 i - a +1 cloak
 j - the +2 robe "Giroits" (worn) {Slay+2}
   (You found it on level 2 of the Dungeon)

   Slay+2:    It affects your accuracy & damage with ranged weapons and melee
   (+2).
 p - a scarf of resistance (worn)
Jewellery
 n - a ring of ice
Wands
 d - a wand of polymorph (6)
 l - a wand of charming (3)
 m - a wand of mindburst (6)
Scrolls
 a - a scroll of enchant armour
 c - a scroll of teleportation
Potions
 b - a potion of enlightenment
 e - 2 potions of curing
 g - a potion of cancellation
 h - a potion of brilliance {unknown}
 o - 2 potions of mutation {unknown}
 q - a potion of might {unknown}
 r - a potion of magic {unknown}

Dungeon Overview and Level Annotations

Branches:
Dungeon (8/15)             Temple (1/1) D:5            Lair (2/5) D:8
  Swamp: Lair:2-3    Shoals: Lair:2-3     Snake: Lair:2-3    Spider: Lair:2-3

Altars:
Ashenzari
Cheibriados
Dithmenos
Elyvilon
Gozag
Kikubaaqudgha
Makhleb
Nemelex Xobeh
Okawaru
Qazlal
Ru
Sif Muna
Trog
Uskayaw
Vehumet
Wu Jian
Xom
Yredelemnul
The Shining One

Portals:
Volcano: Lair:1

Annotations:
D:3 3 runed translucent doors, qw's ghost, amateur DjHu
D:7 1 runed translucent door, Crazy Yiuf
Lair:1 3 runed translucent doors, qw's ghost, journeyman DjHu


Message History

6693 ||| FLEEEEING.
You shoot a bolt. The bolt hits the plant!
The bolt freezes the plant.
The plant is moderately damaged.
6694 ||| FLEEEEING.
You shoot a bolt. The bolt hits the plant.
The bolt freezes the plant.
The plant is moderately damaged.
The blink frog blinks!
6695 ||| FLEEEEING.
You shoot a bolt. The bolt hits the plant!
The bolt freezes the plant.
The plant is moderately damaged.
A nearby plant withers and dies.
6696 ||| FLEEEEING.
You enter the shallow water.
Moving in this stuff is going to be slow.
6697 ||| FLEEEEING.
You shoot a bolt. The bolt hits the four-headed hydra!!
The four-headed hydra seems to slow down.
The bolt freezes the four-headed hydra.
The four-headed hydra is moderately wounded.
The blink frog blinks!
The four-headed hydra bites you!
The four-headed hydra closely misses you.
The four-headed hydra bites you! The four-headed hydra misses you.
6699 ||| READING 2 scrolls of teleportation.
As you read the scroll of teleportation, it crumbles to dust.
You feel strangely unstable.
6700 ||| DRINKING potion of heal wounds.
You feel much better.
The four-headed hydra closely misses you.
The four-headed hydra completely misses you.
The four-headed hydra bites you!
The four-headed hydra completely misses you.
You shoot a bolt. The bolt hits the four-headed hydra!
The bolt freezes the four-headed hydra!
The four-headed hydra is heavily wounded.
You shoot a bolt. The bolt hits the four-headed hydra!!
The four-headed hydra seems to slow down.
The bolt freezes the four-headed hydra!
The four-headed hydra is almost dead.
The four-headed hydra bites you! The four-headed hydra misses you.
The four-headed hydra bites you!
You die...

~.~7 ~~~ ~.~ ### 7~7
######.##### 77~7 7+##
#...%......##77~~77 #.%###
####.%#..###...#7~~P77###'..###
..##.#...%.#....7D.77#........#
.......#.....##.@...##.F......#
.P.......#.#..###....#.........#
###...######### ##...%.........#
#..## #####....^...## #.##
#........# ..# ..........# P..
#..###.#+.## ##.# .### <...# ###
..


You could see a four-headed hydra (slow).

Vanquished Creatures
  A hydra (Lair:2)
  Maurice (D:7)
  A cane toad (Lair:2)
  A komodo dragon (Lair:2)
  A polar bear (Lair:1)
  6 blink frogs
  5 yaks (Lair:2)
  Eustachio (D:6)
  A steam dragon (D:8)
  Menkaure (D:4)
  6 water moccasins
  3 orc warriors
  2 ice beasts
  A sky beast (D:7)
  2 ogres (D:5)
  4 wolves (Lair:1)
  2 centaurs
  2 phantoms
  A kobold brigand (D:6)
  3 bullfrogs
  2 scorpions
  A gnoll sergeant (D:6)
  4 jellies
  5 orc priests
  3 hounds
  Jessica (D:2)
  5 iguanas
  2 sleepcaps
  6 orc wizards
  A howler monkey zombie (D:3)
  Robin (D:2)
  7 gnolls
  12 adders
  2 ribbon worms
  5 dart slugs
  25 orcs
  3 bats
  7 endoplasms
  9 giant cockroaches
  14 goblins
  13 hobgoblins
  3 jackals (D:4)
  6 quokkas
  10 ball pythons
  5 frilled lizards
  A giant cockroach zombie (D:3)
  11 kobolds
  7 rats
216 creatures vanquished.

Notes
Turn   | Place    | Note
-------+----------+-------------------------------------------
     0 | D:1      | qw the Spriggan Hunter began the quest for the Orb.
     0 | D:1      | Reached XP level 1. HP: 10/10 MP: 2/2
     0 | D:1      | 0 ||| qw: Version: 0.3-a-155-g5e7d8dd
     0 | D:1      | 0 ||| qw: Game counter: 285
     0 | D:1      | 0 ||| qw: Melee chars always use a shield: true
     0 | D:1      | 0 ||| qw: God list: Okawaru
     0 | D:1      | 0 ||| qw: Allow faded altars: false
     0 | D:1      | 0 ||| qw: Do Orc after clearing Dungeon:15 true
     0 | D:1      | 0 ||| qw: Do second Lair branch before Depths: true
     0 | D:1      | 0 ||| qw: Lair rune preference: random
     0 | D:1      | 0 ||| qw: Goals: Normal
     0 | D:1      | 0 ||| PLANNING D:1-11
    21 | D:1      | Reached skill level 3 in Dodging
    34 | D:1      | Reached XP level 2. HP: 5/14 MP: 3/3
   162 | D:1      | 162 ||| RETREEEEATING.
   163 | D:1      | 163 ||| RETREEEEATING.
   166 | D:1      | 166 ||| RETREEEEATING.
   174 | D:1      | HP: 1/14 [gnoll/+0 flail (13)]
   188 | D:1      | HP: 2/14 [kobold/+0 dagger (2)]
   190 | D:1      | Reached XP level 3. HP: 3/18 MP: 4/4
   543 | D:1      | Found a faded altar of an unknown god.
   796 | D:1      | 796 ||| READING scroll labelled ZOPSOO JAOWA.
   897 | D:1      | 897 ||| READING 4 scrolls labelled QOINNI SUFUI.
   897 | D:1      | 897 ||| ENCHANTING +0 shortbow.
   898 | D:1      | 898 ||| READING 3 scrolls of enchant weapon.
   898 | D:1      | 898 ||| ENCHANTING +1 shortbow.
   899 | D:1      | 899 ||| READING 2 scrolls of enchant weapon.
   899 | D:1      | 899 ||| ENCHANTING +2 shortbow.
   900 | D:1      | 900 ||| READING scroll of enchant weapon.
   900 | D:1      | 900 ||| ENCHANTING +3 shortbow.
   901 | D:1      | 901 ||| READING scroll labelled YRODDUHUESU.
   902 | D:1      | 902 ||| READING scroll labelled MAPLOZXAUDGH.
   902 | D:1      | 902 ||| IDENTIFYING fuming yellow potion
   903 | D:1      | 903 ||| DROPPING scroll of butterflies.
   904 | D:1      | 904 ||| DROPPING potion of invisibility.
   979 | D:2      | Reached skill level 5 in Ranged Weapons
  1031 | D:2      | Noticed Jessica
  1037 | D:2      | Killed Jessica
  1038 | D:2      | Reached XP level 4. HP: 22/22 MP: 5/5
  1075 | D:2      | Found a glowing golden altar of the Shining One.
  1106 | D:2      | Noticed Robin
  1119 | D:2      | Killed Robin
  1205 | D:2      | Reached XP level 5. HP: 26/26 MP: 6/6
  1401 | D:2      | Identified the +2 robe "Giroits" {Slay+2}
  1429 | D:2      | Identified the -1 buckler of Mumblety Peg {rCorr MP+9 Dex-2
                  | Slay+5}
  1486 | D:2      | 1486 ||| UPGRADING to +1 animal skin.
  1496 | D:2      | 1496 ||| DROPPING +0 robe.
  1497 | D:2      | 1497 ||| UPGRADING to +0 cloak.
  1502 | D:2      | 1502 ||| UPGRADING to +2 robe "Giroits" {Slay+2}.
  1512 | D:2      | 1512 ||| DROPPING +1 animal skin.
  1513 | D:2      | 1513 ||| READING scroll labelled ZIUZENA WOSIANO.
  1518 | D:2      | 1518 ||| READING 2 scrolls labelled KIXIRRA BYZEGRA.
  1518 | D:2      | 1518 ||| BRANDING +4 shortbow.
  1519 | D:2      | 1519 ||| READING scroll labelled ZESEOL UTEDEWK.
  1626 | D:3      | Found a sacrificial altar of Ru.
  1734 | D:3      | Found an ancient bone altar of Kikubaaqudgha.
  1760 | D:3      | 1760 ||| READING scroll labelled WUZXABRYOSU.
  1968 | D:3      | Identified the +6 whip of Zealous Indomitability
                  | {antimagic, rC+++ rN+ Str-4 Int+4}
  2197 | D:3      | Found a runed translucent gate.
  2197 | D:3      | Found a runed translucent gate.
  2197 | D:3      | Found a runed translucent gate.
  2197 | D:3      | Noticed qw's ghost (amateur DjHu)
  2205 | D:3      | 2205 ||| READING scroll of identify.
  2205 | D:3      | 2205 ||| IDENTIFYING brown potion
  2206 | D:3      | 2206 ||| READING scroll labelled NUZAWIQAEP.
  2206 | D:3      | 2206 ||| ENCHANTING +0 cloak.
  2207 | D:3      | 2207 ||| READING scroll labelled SUTOOQ FORUP.
  2208 | D:3      | 2208 ||| DROPPING potion of degeneration.
  2209 | D:3      | Found a basalt altar of Yredelemnul.
  2406 | D:4      | Reached skill level 6 in Ranged Weapons
  2437 | D:4      | Noticed an orc warrior
  2443 | D:4      | Reached XP level 6. HP: 30/30 MP: 7/7
  2446 | D:4      | Killed an orc warrior
  2447 | D:4      | Reached skill level 6 in Dodging
  2513 | D:4      | Found a burning altar of Makhleb.
  2530 | D:4      | Found a snail-covered altar of Cheibriados.
  2595 | D:4      | Noticed Menkaure
  2600 | D:4      | Killed Menkaure
  2851 | D:4      | Reached XP level 7. HP: 14/35 MP: 8/8
  2856 | D:4      | Reached skill level 7 in Ranged Weapons
  3043 | D:4      | Found an ornate altar of the Wu Jian Council.
  3049 | D:4      | Found a hide-covered altar of Uskayaw.
  3052 | D:4      | Found a sparkling altar of Nemelex Xobeh.
  3083 | D:5      | Entered Level 5 of the Dungeon
  3083 | D:5      | Found a staircase to the Ecumenical Temple.
  3084 | D:5      | 3084 ||| PLANNING TEMPLE
  3084 | D:5      | 3084 ||| STAIRDANCE
  3089 | D:5      | 3089 ||| STAIRDANCE
  3098 | D:5      | 3098 ||| FLEEEEING.
  3100 | D:5      | 3100 ||| FLEEEEING.
  3102 | D:5      | 3102 ||| FLEEEEING.
  3104 | D:5      | 3104 ||| FLEEEEING.
  3106 | D:5      | 3106 ||| FLEEEEING.
  3108 | D:5      | 3108 ||| FLEEEEING.
  3109 | D:5      | 3109 ||| FLEEEEING.
  3111 | D:5      | 3111 ||| FLEEEEING.
  3113 | D:5      | 3113 ||| FLEEEEING.
  3114 | D:5      | 3114 ||| FLEEEEING.
  3115 | D:5      | 3115 ||| STAIRDANCE
  3119 | D:5      | 3119 ||| STAIRDANCE
  3148 | Temple   | Found a transporter.
  3148 | Temple   | Found a transporter.
  3148 | Temple   | Found a transporter.
  3148 | Temple   | Found a transporter.
  3148 | Temple   | Entered the Ecumenical Temple
  3149 | Temple   | 3149 ||| PLANNING D:1-11
  3244 | D:5      | 3244 ||| RETREEEEATING.
  3245 | D:5      | 3245 ||| RETREEEEATING.
  3247 | D:5      | 3247 ||| RETREEEEATING.
  3248 | D:5      | 3248 ||| RETREEEEATING.
  3249 | D:5      | 3249 ||| RETREEEEATING.
  3250 | D:5      | 3250 ||| RETREEEEATING.
  3315 | D:5      | Reached skill level 8 in Ranged Weapons
  3410 | D:5      | 3410 ||| READING scroll of enchant weapon.
  3410 | D:5      | 3410 ||| ENCHANTING +4 heavy shortbow.
  3417 | D:5      | Reached skill level 3 in Fighting
  3417 | D:5      | Reached XP level 8. HP: 40/40 MP: 9/9
  3506 | D:5      | 3506 ||| FLEEEEING.
  3509 | D:5      | 3509 ||| FLEEEEING.
  3510 | D:5      | 3510 ||| FLEEEEING.
  3511 | D:5      | 3511 ||| FLEEEEING.
  3512 | D:5      | 3512 ||| FLEEEEING.
  3632 | D:5      | Found an iron altar of Okawaru.
  3633 | D:5      | 3633 ||| PLANNING OKAWARU WORSHIP
  3633 | D:5      | 3633 ||| READING 3 scrolls of identify.
  3633 | D:5      | 3633 ||| IDENTIFYING puce potion
  3634 | D:5      | 3634 ||| READING 2 scrolls of identify.
  3634 | D:5      | 3634 ||| IDENTIFYING fuming grey potion
  3635 | D:5      | 3635 ||| DRINKING potion of experience.
  3635 | D:5      | Reached skill level 14 in Ranged Weapons
  3635 | D:5      | Reached XP level 9. HP: 44/44 MP: 10/10
  3636 | D:5      | 3636 ||| READING scroll of identify.
  3636 | D:5      | 3636 ||| IDENTIFYING glowing cyan potion
  3637 | D:5      | 3637 ||| READING scroll labelled EMO XATUOTUNEU.
  3638 | D:5      | 3638 ||| DROPPING potion of berserk rage.
  3646 | D:5      | Became a worshipper of Warmaster Okawaru
  3647 | D:5      | 3647 ||| PLANNING D:1-11
  3802 | D:6      | Noticed Eustachio
  3809 | D:6      | Killed Eustachio
  3810 | D:6      | Reached skill level 9 in Dodging
  3839 | D:6      | Found a radiant altar of Vehumet.
  3880 | D:6      | Reached * piety under Okawaru
  3903 | D:6      | 3903 ||| INVOKING Heroism.
  4383 | D:6      | 4383 ||| UPGRADING to scarf of resistance.
  4393 | D:6      | 4393 ||| READING scroll of identify.
  4393 | D:6      | 4393 ||| IDENTIFYING pink potion
  4394 | D:6      | 4394 ||| READING 2 scrolls labelled XEOLOG LIVOMNUONY.
  4394 | D:6      | Identified 2 scrolls of acquirement
  4394 | D:6      | 4394 ||| ACQUIRING +4 arbalest of flaming
  4394 | D:6      | Acquired a +4 arbalest of flaming
  4396 | D:6      | 4396 ||| SWAPPING to +4 arbalest of flaming.
  4397 | D:6      | 4397 ||| DROPPING +5 heavy shortbow.
  4398 | D:6      | 4398 ||| READING scroll of brand weapon.
  4398 | D:6      | 4398 ||| BRANDING +4 arbalest of flaming.
  4399 | D:6      | 4399 ||| READING scroll of acquirement.
  4399 | D:6      | 4399 ||| ACQUIRING 449 gold pieces
  4399 | D:6      | Acquired 449 gold pieces
  4401 | D:6      | 4401 ||| DRINKING 2 sapphire potions.
  4447 | D:7      | Found a bloodstained altar of Trog.
  4474 | D:7      | Reached skill level 1 in Invocations
  4517 | D:7      | Found a stormy altar of Qazlal.
  4636 | D:7      | Noticed Maurice
  4637 | D:7      | 4637 ||| INVOKING Heroism.
  4639 | D:7      | Killed Maurice
  4640 | D:7      | Reached skill level 3 in Invocations
  4867 | D:7      | Reached XP level 10. HP: 49/49 MP: 13/13
  5067 | D:7      | Found a runed translucent door.
  5068 | D:7      | Noticed Crazy Yiuf
  5398 | D:7      | 5398 ||| READING scroll labelled ZIAXZU NECOE.
  5453 | D:8      | Reached ** piety under Okawaru
  5896 | D:8      | Found a staircase to the Lair.
  5925 | D:7      | 5925 ||| PLANNING LAIR
  5940 | Lair:1   | Entered Level 1 of the Lair of Beasts
  5965 | Lair:1   | Found a runed translucent gate.
  5965 | Lair:1   | Found a runed translucent gate.
  5966 | Lair:1   | Found a runed translucent gate.
  5966 | Lair:1   | Noticed a spectral four-headed hydra
  5968 | Lair:1   | Noticed a spectral six-headed hydra
  6091 | Lair:1   | Found a dark tunnel.
  6120 | Lair:1   | Noticed qw's ghost (journeyman DjHu)
  6224 | Lair:1   | Reached *** piety under Okawaru
  6429 | Lair:1   | 6429 ||| INVOKING Heroism.
  6520 | Lair:1   | 6520 ||| READING scroll of identify.
  6520 | Lair:1   | 6520 ||| IDENTIFYING clear potion
  6536 | Lair:2   | Noticed a six-headed hydra
  6537 | Lair:2   | 6537 ||| INVOKING Heroism.
  6538 | Lair:2   | Noticed a cane toad
  6540 | Lair:2   | Killed a six-headed hydra
  6541 | Lair:2   | Reached skill level 12 in Dodging
  6543 | Lair:2   | Killed a cane toad
  6569 | Lair:2   | Noticed a meliai
  6612 | Lair:2   | 6612 ||| RETREEEEATING.
  6616 | Lair:2   | 6616 ||| RETREEEEATING.
  6617 | Lair:2   | Reached **** piety under Okawaru
  6619 | Lair:2   | 6619 ||| RETREEEEATING.
  6623 | Lair:2   | 6623 ||| RETREEEEATING.
  6625 | Lair:2   | Reached XP level 11. HP: 49/55 MP: 15/15
  6664 | Lair:2   | 6664 ||| RETREEEEATING.
  6665 | Lair:2   | 6665 ||| RETREEEEATING.
  6666 | Lair:2   | 6666 ||| RETREEEEATING.
  6672 | Lair:2   | 6672 ||| RETREEEEATING.
  6673 | Lair:2   | 6673 ||| RETREEEEATING.
  6674 | Lair:2   | 6674 ||| RETREEEEATING.
  6675 | Lair:2   | 6675 ||| RETREEEEATING.
  6676 | Lair:2   | 6676 ||| RETREEEEATING.
  6677 | Lair:2   | 6677 ||| RETREEEEATING.
  6687 | Lair:2   | 6687 ||| FLEEEEING.
  6688 | Lair:2   | 6688 ||| FLEEEEING.
  6691 | Lair:2   | 6691 ||| FLEEEEING.
  6691 | Lair:2   | Noticed a four-headed hydra
  6692 | Lair:2   | 6692 ||| INVOKING Finesse.
  6693 | Lair:2   | 6693 ||| FLEEEEING.
  6694 | Lair:2   | 6694 ||| FLEEEEING.
  6695 | Lair:2   | 6695 ||| FLEEEEING.
  6696 | Lair:2   | 6696 ||| FLEEEEING.
  6697 | Lair:2   | 6697 ||| FLEEEEING.
  6698 | Lair:2   | HP: 9/55 [four-headed hydra (7)]
  6699 | Lair:2   | 6699 ||| READING 2 scrolls of teleportation.
  6700 | Lair:2   | 6700 ||| DRINKING potion of heal wounds.
  6702 | Lair:2   | Slain by a four-headed hydra

Levels and vault maps discovered:
D:1:      dpeg_arrival_round_c, layout_basic,
          hellmonk_ecumenical_altar_inner_sanctum, supply_closet_lemuel,
          minmay_tiny_reverse_x
D:2:      minmay_chambers_of_twos, layout_basic, basic_altar, uniq_jessica,
          uniq_robin
D:3:      kennysheep_big_flooded_room, layout_loops_cross,
          amcnicky_altar_gilded, nicolae_yredelemnul_ghost_church,
          nicolae_ru_the_path_less_chosen
D:4:      layout_cave_pools, mainiacjoe_overflow_catch_the_wave,
          minmay_overflow_temple_star_quad, corexii_corridor_pit,
          minmay_misc_feat_iff, uniq_menkaure
D:5:      layout_rooms, okawaru_altar_gauntlet_db,
          minmay_temple_entry_mini_moons
D:6:      layout_loops_ring, nicolae_vehumet_altar_sigil, uniq_eustachio
D:7:      layout_basic, nicolae_qazlal_general_emergency,
          nicolae_overflow_hidden_temple, uniq_maurice, uniq_crazy_yiuf_cottage
D:8:      layout_loops_ring, fedhas_altar_4, zin_scriptorium, dpeg_oklobed_lair,
          nrook_campfire
Temple:   hellmonk_temple_divided_pantheon
Lair:1:   layout_roguey, gammafunk_ghost_necromancy, enter_volcano_2
Lair:2:   layout_roguey, minmay_snake_entry_guardpost_medium,
          gammafunk_ghost_hive, serial_bayou_crossing

Skill      XL: |  1  2  3  4  5  6  7  8  9 10 |
---------------+-------------------------------+-----
Dodging        | 3 4 5 6 7 8 10 12 | 12.6
Ranged Weapons | 5 6 8 14 | 14.3
Fighting       | 2 3 5 |  5.0
Invocations    | 3 4 |  4.8
Stealth        | |  1.5

Action                     |  1- 3 |  4- 6 |  7- 9 | 10-12 || total
---------------------------+-------+-------+-------+-------++-------
   Fire: Shortbow          |    84 |   138 |   127 |       ||   349
         Arbalest          |       |       |    38 |   105 ||   143
 Invoke: Heroism           |       |       |     2 |     2 ||     4
         Finesse           |       |       |       |     1 ||     1
    Use: Scroll            |     7 |     7 |     9 |     3 ||    26
         Potion            |       |       |     2 |     1 ||     3
 Armour: Robe              |    12 |    12 |    20 |    16 ||    60
  Dodge: Dodged            |    18 |    44 |    88 |    46 ||   196

Table legend:
 A = Non-vault XP
 B = Vault XP
 C = Vault XP percentage of total XP
 D = Non-vault monster count
 E = Vault monster count
 F = Vault count percentage of total count
                 A         B        C        D         E       F
            +---------+---------+-------+---------+---------+-------
      Total |    9508 |    1019 |   9.7 |     184 |      32 |  14.8
            +---------+---------+-------+---------+---------+-------
        D:1 |      50 |       6 |  10.7 |      26 |       2 |   7.1
        D:2 |      83 |      94 |  53.1 |      20 |      17 |  45.9
        D:3 |      20 |      25 |  55.6 |      12 |       4 |  25.0
        D:4 |     375 |     165 |  30.6 |      30 |       1 |   3.2
        D:5 |     898 |      26 |   2.8 |      18 |       6 |  25.0
        D:6 |     692 |     191 |  21.6 |      25 |       1 |   3.8
        D:7 |     895 |     512 |  36.4 |      17 |       1 |   5.6
        D:8 |     833 |       0 |   0.0 |      12 |       0 |   0.0
     Lair:1 |    2093 |       0 |   0.0 |      12 |       0 |   0.0
     Lair:2 |    3569 |       0 |   0.0 |      12 |       0 |   0.0
            +---------+---------+-------+---------+---------+-------
